 Dungeon Crawl Stone Soup version 0.25-a0-829-g4e6a552925 (webtiles) character file.

Game seed: 12480174868322972920, levelgen mode: deterministic

106 Esekla the Magician (level 4, -2/24 HPs)
             Began as a Tengu Venom Mage on Apr 21, 2020.
             Was an Initiate of Ashenzari.
             Slain by a worm (11 damage)
             ... on level 2 of the Dungeon.
             The game lasted 00:19:40 (1864 turns).

Esekla the Magician (Tengu Venom Mage)              Turns: 1864, Time: 00:19:41

Health: -2/24      AC:  2    Str:  9    XL:     4   Next: 84%
Magic:  10/10      EV: 15    Int: 16    God:    Ashenzari [......]
Gold:   65         SH:  3    Dex: 14    Spells: 7/9 levels left

rFire    . . .     SeeInvis .   h - +2 long sword (holy)
rCold    . . .     Gourm    .   (no shield)
rNeg     . . .     Faith    .   a - +0 robe
rPois    .         Spirit   .   (helmet restricted)
rElec    .         Reflect  +   (no cloak)
rCorr    .         Harm     .   (no gloves)
MR       .....     Rnd*Tele +   (boots unavailable)
Stlth    ++........             i - +3 amulet of reflection
HPRegen  0.08/turn              k - ring of teleportation (curse)
MPRegen  0.12/turn              g - +2 ring of evasion

@: no status effects
A: beak, talons 3
a: Curse Item, Renounce Religion


You were on level 2 of the Dungeon.
You worshipped Ashenzari.
Ashenzari was noncommittal.
You were hungry.

You visited 1 branch of the dungeon, and saw 2 of its levels.

You collected 65 gold pieces.

Inventory:

Hand Weapons
 h - a +2 long sword of holy wrath (weapon)
 p - a +0 dagger of protection
 v - a +2 dagger of venom
Missiles
 o - 12 poisoned darts (quivered)
Armour
 a - a +0 robe (worn)
Jewellery
 d - an uncursed ring of see invisible
 g - a +2 ring of evasion (right hand)
 i - a +3 amulet of reflection (around neck)
 j - an uncursed amulet of guardian spirit
 k - a cursed ring of teleportation (left hand)
Scrolls
 e - 6 scrolls of identify
 f - 3 scrolls of enchant armour
 l - a scroll of magic mapping {unknown}
 n - a scroll of immolation {unknown}
 q - a scroll of teleportation {unknown}
Potions
 b - a potion of haste {unknown}
 m - 2 potions of curing {unknown}
 r - a potion of mutation {unknown}
Comestibles
 c - 6 rations


   Skills:
 + Level 0.1 Fighting
 * Level 1.3(1.5) Short Blades
 * Level 1.0(1.3) Long Blades
 * Level 3.2 Dodging
 - Level 2.0 Stealth
 * Level 3.3 Spellcasting
   Level 0.7 Transmutations
 * Level 1.4 Air Magic
 - Level 3.0 Poison Magic


You had 7 spell levels left.
You knew the following spells:

 Your Spells              Type           Power        Failure   Level  Hunger
b - Poisonous Vapours     Pois/Air       #.....       11%         2    ##.....

Your spell library contained the following spells:

 Spells                   Type           Power        Failure   Level  Hunger
 Sting                    Tmut/Pois      #...         9%          1    None
 Mephitic Cloud           Conj/Pois/Air  #.......     30%         3    ###....
 Ignite Poison            Fire/Tmut/Pois #.......     32%         3    ###....
 Olgreb's Toxic Radiance  Pois           ##......     45%         4    ####...


Dungeon Overview and Level Annotations

Branches:
Dungeon (2/15)

Altars:
Ashenzari
Gozag
Makhleb


Innate Abilities, Weirdness & Mutations

You have a beak for a mouth.
You have claws for feet.


Message History

You see here a frilled lizard corpse.
You see here a frilled lizard corpse.
You now have 65 gold pieces (gained 10).
You are feeling hungry.
Found an uncursed robe.
You see here an uncursed robe.
A dart slug comes into view.
The dart slug launches a dart at you. The slug dart hits you.
You hit the dart slug.
The dart slug is moderately wounded.
The dart slug closely misses you.
You hit the dart slug. You claw the dart slug.
You kill the dart slug!
You see here a dart slug corpse.
A worm comes into view.
The worm bites you!
You hit the worm but do no damage. Your kick misses the worm.
The worm bites you!
You die...

...##.##.#####
.####........#
.........###.######
...........#...%..#
..#..#####.#..##K##
..#......#.#..##.#
).....>..#.#..##.#
..##.#...#.#..##w#
.....#...#.#..##@#
.#####...#.#..##.#
...........#..##.#
....[#.##### #.#
####.#........ #.#
#.########. #.# #.#
#.# #.# #.# ####.#
#.#


You could see a worm and a kobold (sleeping).

Vanquished Creatures
  Terence (D:2)
  3 adders (D:2)
  An ooze (D:1)
  2 dart slugs
  2 leopard geckos (D:1)
  2 bats
  4 giant cockroaches
  3 goblins
  8 hobgoblins
  5 jackals
  6 kobolds
  4 frilled lizards
  4 rats (D:1)
45 creatures vanquished.

Notes
Turn   | Place    | Note
-------+----------+-------------------------------------------
     0 | D:1      | Esekla the Tengu Venom Mage began the quest for the Orb.
     0 | D:1      | Reached XP level 1. HP: 10/10 MP: 4/4
   408 | D:2      | Reached XP level 2. HP: 15/15 MP: 4/6
   417 | D:2      | Learned a level 2 spell: Poisonous Vapours
   565 | D:1      | Reached XP level 3. HP: 16/19 MP: 4/7
  1326 | D:2      | Found a shattered altar of Ashenzari.
  1361 | D:2      | Became a worshipper of Ashenzari the Shackled
  1479 | D:2      | Reached skill level 1 in Short Blades
  1479 | D:2      | Reached skill level 1 in Air Magic
  1479 | D:2      | Reached XP level 4. HP: 24/24 MP: 4/9
  1543 | D:2      | Found an opulent altar of Gozag.
  1600 | D:2      | Noticed Terence
  1609 | D:2      | Killed Terence
  1696 | D:2      | Reached skill level 1 in Long Blades
  1729 | D:2      | Found a burning altar of Makhleb.
  1864 | D:2      | Slain by a worm

Levels and vault maps discovered:
D:1:      saegor_arrival_miasma, layout_basic, chequers_arboretum,
          minmay_bisected
D:2:      layout_basic, lightli_temple_of_fire, nicolae_overflow_hidden_temple,
          old_standard_altar, serial_bayou_ford_a, palyth_stone_intersect,
          uniq_terence

Skill      XL: |  1  2  3  4 |
---------------+-------------+-----
Dodging        | 3 |  3.2
Short Blades   | 1 |  1.3
Spellcasting   | 3 |  3.3
Air Magic      | 1 |  1.4
Long Blades    | 1 |  1.0
Fighting       | |  0.1
Stealth        | |  2.0
Transmutations | |  0.7
Poison Magic   | |  3.0

Action                   |  1- 3 |  4- 6 || total
-------------------------+-------+-------++-------
Melee: Dagger            |    23 |     6 ||    29
       Kick              |     8 |     5 ||    13
       Peck              |     3 |     1 ||     4
       Long sword        |    13 |    10 ||    23
 Cast: Poisonous Vapours |    21 |     6 ||    27
  Use: Scroll            |     2 |       ||     2
 Stab: Sleeping          |     3 |     1 ||     4
  Eat: Chunk             |     1 |     3 ||     4
Armor: Robe              |     3 |     1 ||     4
Dodge: Dodged            |    29 |    12 ||    41
Block: Other             |     1 |     2 ||     3
       Rpst.: Long sword |     6 |     1 ||     7

Table legend:
 A = Non-vault XP
 B = Vault XP
 C = Vault XP percentage of total XP
 D = Non-vault monster count
 E = Vault monster count
 F = Vault count percentage of total count
                 A         B        C        D         E       F
            +---------+---------+-------+---------+---------+-------
      Total |     117 |      35 |  23.0 |      41 |       4 |   8.9
            +---------+---------+-------+---------+---------+-------
        D:1 |      51 |       3 |   5.6 |      24 |       3 |  11.1
        D:2 |      66 |      32 |  32.7 |      17 |       1 |   5.6
            +---------+---------+-------+---------+---------+-------
